 Dungeon Crawl Stone Soup version 0.32-a0-407-g4da7c8d (webtiles) character file.

Game seed: 5060184864968335011

331 Nithhogg the Trooper (level 6, 0/55 HPs)
             Began as a Mountain Dwarf Fighter on Feb 20, 2024.
             Engulfed by a cloud of poison gas (1 damage)
             ... on level 4 of the Dungeon.
             The game lasted 00:04:09 (2301 turns).

Nithhogg the Trooper (Mountain Dwarf Fighter)       Turns: 2301, Time: 00:04:10

Health: 0/55       AC:  7    Str: 21    XL:     6   Next: 26%
Magic:  8/8        EV: 10    Int:  8    God:
Gold:   140        SH:  4    Dex:  9    Spells: 5/5 levels left

rFire   + + .        a - +0 war axe (freeze)
rCold   + . .        c - +0 buckler
rNeg    . . .        w - +1 ring mail {rF+}
rPois   .            (no helmet)
rElec   .            l - scarf {rC+ rF+}
rCorr   .            (no gloves)
SInv    .            (no boots)
Will    +....        v - amulet of the acrobat Stlth
                     y - ring of willpower
HPRegen 0.29/turn    (no ring)
MPRegen 0.11/turn

%: acrobat
@: lethally poisoned (0 -> -43), attractive, hasted, very quick
A: runic magic, artefact enchanting
a: no special abilities


You were on level 4 of the Dungeon.
You visited 1 branch of the dungeon, and saw 4 of its levels.

You collected 140 gold pieces.

Inventory:

Hand Weapons
 a - a +0 war axe of freezing (weapon)
Missiles
 j - 9 boomerangs (quivered)
 m - 2 poisoned darts
Armour
 b - a +0 scale mail
 c - a +0 buckler (worn)
 l - a scarf of resistance (worn)
 w - a +1 ring mail of fire resistance (worn)
Jewellery
 v - an amulet of the acrobat (around neck)
 y - a ring of willpower (left hand)
Scrolls
 e - a scroll of poison
 f - 3 scrolls of identify
 k - a scroll of teleportation
 q - a scroll of blinking {unknown}
 t - a scroll of fear {unknown}
 u - a scroll of amnesia
Potions
 d - 2 potions of might
 g - a potion of haste
 i - a potion of enlightenment {unknown}
 n - 2 potions of brilliance {unknown}
 o - a potion of magic {unknown}
 p - a potion of heal wounds {unknown}
 r - 2 potions of lignification {unknown}
 s - a potion of berserk rage {unknown}
 x - a potion of curing {unknown}
 z - 2 potions of mutation {unknown}


   Skills:
 + Level 4.8 Fighting
 + Level 4.4 Axes
 + Level 4.8 Armour
 - Level 3.2 Shields
 + Level 3.9 Invocations


You had 5 spell levels left.
You didn't know any spells.
Your spell library contained the following spells:

 Spells                   Type           Power      Damage    Failure   Level
 Confusing Touch          Hex            0%         N/A       87%         3
 Inner Flame              Hex/Fire       0%         N/A       87%         3
 Discord                  Hex            0%         N/A       100%        8


Dungeon Overview and Level Annotations

Branches:
Dungeon (4/15)
 Temple: D:4-7

Altars:
Ashenzari
Nemelex Xobeh
Zin

Shops:
D:3 (


Innate Abilities, Weirdness & Mutations

Your spellcasting is much less encumbered by armour.
You can use scrolls of enchantment on lesser artefacts.


Message History

You barely miss the phantom.
The phantom is lightly damaged.
You slash the hobgoblin! You freeze the hobgoblin.
You kill the hobgoblin!
The phantom closely misses you.
You hit the orc. You freeze the orc.
The orc is heavily wounded.
You closely miss the phantom. You block the orc's attack. The phantom hits you.
The phantom blinks!
You blink.
Found an opal ring.
The phantom hits you but does no damage.
The air fills with toxic fumes!
As you read the scroll labelled SYN ILIXKOGADGH, it crumbles to dust.
It was a scroll of poison.
The phantom barely misses you.
You barely miss the phantom. The phantom hits you.
The phantom blinks!
You blink.
You completely miss the phantom. You hit the orc. You freeze the orc.
You kill the orc!
You barely miss the orc.
You are engulfed in poison gas.
You are poisoned.
You feel very sick. The orc hits you with a +0 mace.
* * * LOW HITPOINT WARNING * * *
You block the phantom's attack.
It was a potion of haste.
You feel yourself speed up.
You are engulfed in poison gas.
You are lethally poisoned!
* * * LOW HITPOINT WARNING * * *
x2 You feel very sick.
The orc hits you with a +0 mace.
* * * LOW HITPOINT WARNING * * *
A puff of flame appears from out of thin air!
The puff of flame hits you. You resist.
* * * LOW HITPOINT WARNING * * *
The phantom hits you but does no damage.
Unknown command.
Unknown command.
It was a potion of attraction.
You feel attractive to monsters.
You are engulfed in poison gas.
You are more poisoned.
You die...

## ##§# .## #§§§# .. .
#§§§§#### ..##.#
..#§§§§§§§## .....#
...§§§☼.§§§##§§....
...§§☼§.§§W§§§§......#.
...§☼§§§§§@§§§§........
...☼§§§§§§o).§§........
#..§§§§§§☼#§§§§.........##
...§§§§§§###{§§...........
..#§§#§§§...=§§..........
= #☼.##§§....>☼.........
..# ###.............# ..
#.............##...
###.$#####.........


You could see a phantom and an orc.

Vanquished Creatures
  A bullfrog (D:4)
  2 bombardier beetles
  A hound (D:3)
  5 adders
  5 ribbon worms
  A dart slug (D:3)
  6 orcs
  6 ball pythons
  4 bats
  5 endoplasms
  4 giant cockroaches
  9 goblins
  5 hobgoblins
  2 kobolds (D:1)
  3 quokkas
  3 frilled lizards
  5 rats
67 creatures vanquished.

Notes
Turn   | Place    | Note
-------+----------+-------------------------------------------
     0 | D:1      | Nithhogg the Mountain Dwarf Fighter began the quest for the
                  | Orb.
     0 | D:1      | Reached XP level 1. HP: 19/19 MP: 1/1
   110 | D:1      | Reached XP level 2. HP: 19/26 MP: 2/2
   159 | D:1      | Reached skill level 1 in Invocations
   363 | D:1      | Reached XP level 3. HP: 33/33 MP: 4/4
   592 | D:2      | Found a faded altar of an unknown god.
   814 | D:2      | Reached XP level 4. HP: 40/40 MP: 5/5
  1189 | D:3      | Got the Catalogue of Anarchy
  1237 | D:3      | Reached XP level 5. HP: 39/47 MP: 5/7
  1292 | D:3      | Found Neviriogh's Weapon Shop.
  1770 | D:3      | Found a broken altar of Ashenzari.
  1791 | D:3      | Found a sparkling altar of Nemelex Xobeh.
  1842 | D:3      | Found a glowing silver altar of Zin.
  2052 | D:4      | Reached XP level 6. HP: 40/53 MP: 8/8
  2300 | D:4      | HP: 2/55 [orc/+0 mace (1)]
  2301 | D:4      | Engulfed by a cloud of poison gas

Illustrated notes

Levels and vault maps discovered:
D:1:      dpeg_arrival_tiny_j, layout_rooms
D:2:      layout_rooms, hellmonk_ecumenical_altar_heavens_door
D:3:      layout_basic, mainiacjoe_overflow_alcove_4, jmf_multi_god_temple2,
          serial_shops, shop
D:4:      layout_cave_pools, minivault_1

Skill      XL: |  1  2  3  4  5 |
---------------+----------------+-----
Invocations    | 1 2 3 |  3.9
Axes           | 3 4 |  4.4
Fighting       | 4 |  4.8
Armour         | 4 |  4.8
Shields        | |  3.2

Action                     |  1- 3 |  4- 6 || total
---------------------------+-------+-------++-------
  Melee: War axe           |    75 |    88 ||   163
    Use: Scroll            |     3 |     1 ||     4
         Potion            |       |     2 ||     2
 Armour: Scale mail        |    63 |    31 ||    94
         Ring mail         |       |    42 ||    42
  Dodge: Dodged            |    47 |    52 ||    99
  Block: Buckler           |    13 |    15 ||    28

Table legend: (Time is in decaauts)
 A = Elapsed time spent in this place.
 B = Non-inter-level travel time spent in this place.
 C = Inter-level travel time spent in this place.
 D = Time resting spent in this place.
 E = Time spent auto-exploring this place.
 F = Levels seen in this place.
 G = Mean time per level.
                   A        B        C        D        E       F      G
               +--------+--------+--------+--------+--------+-----+--------+
         Total |   2358 |   2273 |     85 |      0 |   1773 |   4 |  589.5 |
       Dungeon |   2358 |   2273 |     85 |      0 |   1773 |   4 |  589.5 |
               +--------+--------+--------+--------+--------+-----+--------+

Top non-repeatable levels by time:
     D:3: 1050 daAuts
     D:1: 549 daAuts
     D:2: 484 daAuts
     D:4: 273 daAuts
